 Seeded DCSS version 0.30-a0-879-ga8ba668304 (webtiles) character file.

Game seed: 3428853487130244560 (custom seed)

33740 bmack86 the Severer (level 13, -12/117 HPs)
             Began as a Minotaur Fighter on Mar 13, 2023.
             Was a High Priest of Okawaru.
             Mangled by a lindwurm (13 damage)
             ... summoned by Kirke
             ... on level 4 of the Lair of Beasts.
             The game lasted 00:42:54 (14245 turns).

bmack86 the Severer (Minotaur Fighter)             Turns: 14245, Time: 00:42:54

Health: -12/117    AC:  0    Str: 25    XL:     13   Next: 38%
Magic:  6/15       EV: 13    Int:  5    God:    Okawaru [*****.]
Gold:   1123       SH:  0    Dex: 11    Spells: 12/12 levels left

rFire   . . .      SeeInvis .    l - melded +9 war axe (antimagic)
rCold   . . .      Faith    +    H - melded +0 kite shield
rNeg    . . .      Spirit   .    c - melded +2 plate armour {rC+}
rPois   .          Reflect  .    (helmet currently unavailable)
rElec   .          Rampage  .    E - melded +2 cloak
rCorr   .                        m - melded +1 pair of gloves
Will    .....                    o - melded +2 pair of boots
Stlth   +                        p - amulet of faith
HPRegen 0.39/turn                s - melded +4 ring of protection
MPRegen 0.14/turn                K - melded +4 ring of protection

@: lethally poisoned (-12 -> -27), pig-form, slowed
A: fast, no casting, small, (horns 2), (retaliatory headbutt)
a: Renounce Religion, Heroism, Finesse, Duel


You were on level 4 of the Lair of Beasts.
You worshipped Okawaru.
Okawaru was extremely pleased with you.
You were a filthy swine.
You visited 3 branches of the dungeon, and saw 16 of its levels.
You also visited: Ossuary and Bailey.

You collected 2271 gold pieces.
You spent 1148 gold pieces at shops.

Inventory:

Hand Weapons
 b - a +1 broad axe
 l - a +9 antimagic war axe (melded)
 V - a +2 hand axe of flaming
Missiles
 a - a throwing net
 i - 25 boomerangs (quivered)
 y - 4 silver javelins
 B - 78 poisoned darts
 N - 2 curare-tipped darts
 P - 5 javelins
Armour
 c - a +2 plate armour of cold resistance (melded)
 m - a +1 pair of gloves (melded)
 o - a +2 pair of boots (melded)
 E - a +2 cloak (melded)
 H - a +0 kite shield (melded)
Jewellery
 p - an amulet of faith (around neck)
 s - a +4 ring of protection (melded)
 u - a ring of ice
 w - the amulet of the Air {Inacc Air Fly rElec RMsl}
   (You found it on level 1 of the Lair of Beasts)

   [amulet of nothing]

   Inacc:     It reduces the accuracy of your attacks and spells.
   Air:       It enhances your air magic.
   rElec:     It insulates you from electricity.
   Fly:       It grants you flight.
   RMsl:      It protects you from missiles.
 x - a ring of magical power
 J - the ring "Quics" {Ice MP+9 Int+8 Dex-2 SInv}
   (You found it on level 10 of the Dungeon)

   [ring of ice]

   It enhances your ice magic.
   Int:       It affects your intelligence (+8).
   Dex:       It affects your dexterity (-2).
   rF:        It makes you vulnerable to fire.
   rC:        It protects you from cold.
   MP:        It affects your magic capacity (+9).
   SInv:      It lets you see invisible.
 K - a +4 ring of protection (melded)
 L - a ring of see invisible
 O - a +6 ring of intelligence
 R - a ring of willpower
 U - a +5 ring of evasion
 W - an amulet of reflection
Wands
 A - a wand of roots (20)
 C - a wand of mindburst (6)
 G - a wand of polymorph (18)
 S - a wand of flame (19)
 T - a wand of light (6)
Scrolls
 e - a scroll of identify
 f - 4 scrolls of blinking
 h - 8 scrolls of fog
 k - 12 scrolls of teleportation
 t - 2 scrolls of vulnerability
 I - 2 scrolls of silence
 M - 3 scrolls of fear
Potions
 d - a potion of might
 g - 2 potions of berserk rage
 j - 10 potions of curing
 n - 3 potions of magic
 q - a potion of flight
 r - a potion of cancellation
 v - 4 potions of invisibility
 z - 2 potions of heal wounds
 D - 3 potions of ambrosia
 F - 2 potions of haste
 Q - 2 potions of brilliance


   Skills:
 + Level 11.8 Fighting
 * Level 15.7 Axes
 + Level 8.8 Throwing
 + Level 11.8 Armour
 + Level 11.9 Shields
 + Level 5.1 Invocations


You had 12 spell levels left.
You didn't know any spells.
Your spell library contained the following spells:

 Spells                   Type           Power      Damage    Failure   Level
 Apportation              Tloc           0%         N/A       47%         1
 Necrotise                Necr           0%         1d4       47%         1
 Sublimation of Blood     Necr           0%         N/A       63%         2
 Wereblood                Tmut           0%         N/A       63%         2
 Gell's Gravitas          Tloc           0%         N/A       85%         3
 Teleport Other           Tloc           0%         N/A       85%         3
 Vhi's Electric Charge    Tloc/Air       0%         N/A       85%         3
 Leda's Liquefaction      Hex/Erth       0%         N/A       99%         4
 Agony                    Necr           0%         N/A       100%        5
 Alistair's Intoxication  Tmut/Pois      0%         N/A       100%        5
 Arcjolt                  Conj/Air       0%         1d10      100%        5
 Lee's Rapid Deconstruct  Erth           0%         3d4*      100%        5
 Dispersal                Tloc           0%         N/A       100%        6
 Starburst                Conj/Fire      0%         6d3       100%        6
 Statue Form              Tmut/Erth      0%         N/A       100%        6
 Borgnjor's Revivificati  Necr           0%         N/A       100%        8
 Maxwell's Capacitive Co  Air            0%         ∞         100%        8
 Summon Small Mammal      Summ           Unusable   N/A       N/A         1
 Call Canine Familiar     Summ           Unusable   N/A       N/A         3
 Summon Guardian Golem    Hex/Summ       Unusable   N/A       N/A         3
 Summon Hydra             Summ           Unusable   N/A       N/A         7

Dungeon Overview and Level Annotations

Branches:
Dungeon (11/15)            Temple (1/1) D:7            Lair (4/5) D:11
  Swamp (0/4) Lair:2        Snake (0/4) Lair:3        Slime (0/5) Lair:4
    Orc (0/2) D:11        Ossuary (visited)          Bailey (visited)

Altars:
Ashenzari
Cheibriados
Dithmenos
Elyvilon
Fedhas
Gozag
Hepliaklqana
Kikubaaqudgha
Makhleb
Nemelex Xobeh
Okawaru
Qazlal
Ru
Sif Muna
Trog
Uskayaw
Vehumet
Wu Jian
Xom
Yredelemnul
Zin
The Shining One
Jiyva

Shops:
D:1 (   D:4 *[*   D:5 *

Annotations:
D:9 3 runed translucent doors, Maxmaps's ghost, novice GnHu
Lair:4 Kirke


Innate Abilities, Weirdness & Mutations

You are a filthy swine.
You move quickly.
Your equipment is almost entirely melded.
You are incapable of wielding weapons or throwing items.
You cannot cast spells.
((You have a pair of horns on your head.))
((You reflexively headbutt those who attack you in melee.))


Message History

Your +1 pair of gloves melds into your body.
Your +2 pair of boots melds into your body.
Your +0 kite shield melds into your body.
Your +2 plate armour of cold resistance melds into your body.
Your +4 ring of protection melds into your body. x2
You feel magic returning to you.
You feel less resistant to cold.
The water moccasin attacks as you move away!
The water moccasin closely misses you. The hog attacks as you move away!
The hog bites you!
Kirke casts a spell.
Kirke summons a manticore!
The lindwurm bites you!! The lindwurm closely misses you.
The lindwurm claws you. The water moccasin bites you.
The hog barely misses you.
Found a stone staircase leading down.
The water moccasin barely misses you. The manticore closely misses you.
The manticore claws you. The manticore barely misses you.
The water moccasin bites you. The manticore bites you. The manticore claws you.
The manticore claws you! Kirke barely misses you. The hog bites you.
Kirke attacks as you move away! Kirke hits you!
* * * LOW HITPOINT WARNING * * *
The manticore attacks as you move away! The manticore bites you!
* * * LOW HITPOINT WARNING * * *
The manticore claws you!
* * * LOW HITPOINT WARNING * * *
The manticore claws you.
* * * LOW HITPOINT WARNING * * *
The water moccasin bites you.
* * * LOW HITPOINT WARNING * * *
You are lethally poisoned!
The water moccasin poisons you! The hog misses you.
Kirke casts a spell.
Kirke flickers and vanishes!
Deactivating autopickup; reactivate with Ctrl-A.
The lindwurm barely misses you. The lindwurm closely misses you.
The lindwurm completely misses you.
Unknown command.
The water moccasin attacks as you move away!
The water moccasin closely misses you. The lindwurm attacks as you move away!
The lindwurm bites you!
You die...

###...#.....# #
#....###...|.# # ##...##
#.....# # ######P...#
#.....# # #.........#
#.....# ###
#.......#####......# #..
#..#......#.....>...####..
# #.#.{Sh..........†.#...
##...kh................
##..H.................
#.............####....
#............ #.##P
#............ #####
..............
#P..>.........# #
#.............. # #


You could see a manticore (summoned), a lindwurm (summoned), a hog and a water
moccasin.

Vanquished Creatures
  4 hydras
  Erica (Lair:1)
  A centaur warrior (D:9)
  2 tengu warriors (D:9)
  A boulder beetle (D:11)
  A death yak (Lair:4)
  The ghost of ruwin the Zephyrmancer, a journeyman DESu of Gozag (Lair:2)
  2 bog bodies (Lair:2)
  2 orc knights (Bailey)
  An ugly thing (D:11)
  A manticore (D:9)
  2 oklob plants (D:11)
  9 elephants
  A black mamba (Lair:3)
  5 cane toads
  A torpor snail (Lair:4)
  An unseen horror (D:10)
  7 komodo dragons
  A rime drake (Lair:4)
  4 trolls
  7 blink frogs
  2 hornets
  2 dream sheep (D:10)
  22 yaks
  2 shadows (D:11)
  2 wraiths
  6 wyverns
  An unseen horror simulacrum (D:8)
  3 hogs (Lair:4)
  3 basilisks
  A steam dragon (D:9)
  A naga (Lair:3)
  3 acid dragons (D:10)
  11 water moccasins
  9 orc warriors
  An ice beast (D:7)
  A sky beast (D:6)
  2 black bears
  5 wolves
  6 ogres
  A phantom (D:5)
  13 kobold brigands
  12 bullfrogs
  3 gnoll sergeants
  4 water moccasin zombies (Ossuary)
  5 wights (D:6)
  10 killer bees
  6 howler monkeys
  2 jellies
  4 orc priests
  4 hounds
  7 iguanas
  A sleepcap (D:6)
  Natasha (thrice) (D:2)
  4 orc wizards
  3 mummies
  12 gnolls
  7 adders
  2 shadow imps
  4 white imps
  A howler monkey simulacrum (D:8)
  4 ufetubi (D:6)
  5 adder zombies (Ossuary)
  6 worms
  3 dart slugs (D:1)
  37 orcs
  4 ball pythons
  6 bats
  11 endoplasms
  2 giant cockroaches
  2 gnoll zombies (Ossuary)
  12 goblins
  7 hobgoblins
  3 jackals (D:2)
  2 quokkas
  2 frilled lizards
  2 hobgoblin zombies (Ossuary)
  22 kobolds
  7 kobold zombies
  8 orc zombies
  3 rats (D:2)
394 creatures vanquished.

Vanquished Creatures (others)
  6 demonic plants (D:6)
  6 fungi
  29 plants
41 creatures vanquished.

Grand Total: 435 creatures vanquished

Notes
Turn   | Place    | Note
-------+----------+-------------------------------------------
     0 | D:1      | bmack86 the Minotaur Fighter began the quest for the Orb.
     0 | D:1      | Reached XP level 1. HP: 19/19 MP: 0/0
    43 | D:1      | Found Zofunism's Antique Weapon Shop.
   240 | D:1      | You fall into a shaft and drop 1 floor!
   275 | D:1      | Reached XP level 2. HP: 27/27 MP: 1/1
   322 | D:1      | Reached skill level 3 in Axes
   384 | D:1      | Got Sif Muna's Enchiridion on Corpses and the Arsonist
   637 | D:1      | Found a faded altar of an unknown god.
   950 | D:2      | Reached XP level 3. HP: 28/33 MP: 2/2
  1001 | D:2      | Noticed Natasha
  1008 | D:2      | Killed Natasha
  1009 | D:2      | Reached XP level 4. HP: 12/40 MP: 3/3
  1235 | D:2      | Reached skill level 4 in Axes
  1413 | D:2      | Noticed Natasha
  1425 | D:2      | Killed Natasha
  1592 | D:2      | Reached XP level 5. HP: 46/47 MP: 4/4
  1766 | D:2      | Noticed Natasha
  1768 | D:2      | Killed Natasha
  1868 | D:1      | Bought a glowing war axe for 162 gold pieces
  2478 | D:4      | Reached skill level 5 in Axes
  2602 | D:4      | Found Suyl's Assorted Antiques.
  2643 | D:4      | Found Ocaynwox's Magic Scroll Emporium.
  2643 | D:4      | Found Eturph's Antique Armour Emporium.
  2648 | D:4      | Found Risauh's Assorted Antiques.
  2655 | D:4      | Bought a notched emerald ring for 120 gold pieces
  2670 | D:4      | Identified the +1 leather armour "Jorereek" {rF+ rN+ Int-2
                  | Dex+3}
  2916 | D:4      | Found a basalt altar of Yredelemnul.
  3073 | D:5      | Entered Level 5 of the Dungeon
  3075 | D:5      | Reached XP level 6. HP: 55/55 MP: 1/5
  3088 | D:5      | Reached skill level 5 in Shields
  3107 | D:5      | Reached skill level 5 in Fighting
  3107 | D:5      | Reached skill level 5 in Armour
  3226 | D:5      | Found Xuuqy's Assorted Antiques.
  3343 | D:5      | Reached skill level 6 in Axes
  3438 | D:5      | Reached XP level 7. HP: 57/61 MP: 2/6
  3845 | D:6      | Reached skill level 1 in Throwing
  4047 | D:4      | Bought a scroll labelled CIYCLE ISMUPP for 22 gold pieces
  4047 | D:4      | Bought a runed cloak for 165 gold pieces
  4138 | D:6      | Identified the +1 ring mail "Pyegedos" {rElec rC+}
  4210 | D:6      | Reached skill level 7 in Axes
  4222 | D:6      | Reached XP level 8. HP: 40/70 MP: 2/7
  4616 | D:7      | Noticed a hornet
  4621 | D:7      | Killed a hornet
  4622 | D:7      | Reached skill level 8 in Axes
  4669 | D:7      | Found a sand-covered staircase.
  4675 | Ossuary  | Entered an ossuary
  4802 | Ossuary  | Reached XP level 9. HP: 54/79 MP: 2/8
  4821 | Ossuary  | Reached skill level 9 in Axes
  5075 | D:7      | Found a flagged portal.
  5086 | Bailey   | Entered a bailey
  5276 | Bailey   | Noticed an orc knight
  5283 | Bailey   | Killed an orc knight
  5349 | Bailey   | Noticed an orc knight
  5357 | Bailey   | Reached skill level 10 in Axes
  5369 | Bailey   | Killed an orc knight
  5370 | Bailey   | Reached XP level 10. HP: 21/88 MP: 3/9
  5370 | Bailey   | Found a burning altar of Makhleb.
  5668 | D:7      | Found a staircase to the Ecumenical Temple.
  5682 | Temple   | Entered the Ecumenical Temple
  6111 | D:4      | Bought a runed plate armour for 598 gold pieces
  6119 | D:4      | Bought an emerald potion for 19 gold pieces
  6204 | D:5      | Bought a scroll of identify for 62 gold pieces
  6313 | D:7      | Reached skill level 5 in Throwing
  6314 | D:7      | Reached skill level 11 in Axes
  7229 | D:9      | Noticed Maxmaps's ghost (novice GnHu)
  7445 | D:9      | Found a runed translucent gate.
  7447 | D:9      | Found a runed translucent gate.
  7448 | D:9      | Found a runed translucent gate.
  7548 | D:9      | Noticed a centaur warrior
  7559 | D:9      | Killed a centaur warrior
  7560 | D:9      | Reached skill level 12 in Axes
  7660 | D:9      | Noticed a five-headed hydra
  7671 | D:9      | Killed a 13-headed hydra
  7672 | D:9      | Reached XP level 11. HP: 11/97 MP: 3/10
  7920 | D:9      | Noticed a fire dragon
  7923 | D:9      | Noticed a tengu warrior
  7924 | D:9      | Noticed a tengu warrior
  7954 | D:9      | Killed a tengu warrior
  7958 | D:9      | Killed a tengu warrior
  8404 | D:10     | Entered Level 10 of the Dungeon
  8414 | D:10     | Identified the ring "Quics" {Ice MP+9 Int+8 Dex-2 SInv}
  8809 | D:10     | Reached skill level 13 in Axes
  9103 | D:10     | Noticed a two-headed hydra
  9108 | D:10     | Killed a six-headed hydra
  9109 | D:10     | Reached skill level 10 in Fighting
  9109 | D:10     | Reached skill level 10 in Armour
  9109 | D:10     | Reached skill level 10 in Shields
  9207 | D:10     | Found an iron altar of Okawaru.
  9207 | D:10     | Found a faded altar of an unknown god.
  9215 | D:10     | Found a sacrificial altar of Ru.
  9218 | D:10     | Became a worshipper of Warmaster Okawaru
  9221 | D:10     | Found a broken altar of Ashenzari.
  9223 | D:10     | Found a faded altar of an unknown god.
  9439 | D:11     | Found a staircase to the Orcish Mines.
  9463 | D:11     | Reached * piety under Okawaru
  9464 | D:11     | Reached skill level 1 in Invocations
  9581 | D:11     | Found a staircase to the Lair.
  9582 | D:11     | Noticed an oklob plant
  9584 | D:11     | Noticed an oklob plant
  9594 | D:11     | Killed an oklob plant
  9600 | D:11     | Killed an oklob plant
  9729 | D:11     | Noticed a boulder beetle
  9744 | D:11     | Killed a boulder beetle
  9745 | D:11     | Reached XP level 12. HP: 107/107 MP: 1/12
  9852 | D:11     | Found a shadowy altar of Dithmenos.
  9897 | D:11     | Reached ** piety under Okawaru
 10189 | Lair:1   | Entered Level 1 of the Lair of Beasts
 10257 | Lair:1   | Noticed an eight-headed hydra
 10269 | Lair:1   | Killed a one-headed hydra
 10270 | Lair:1   | Reached skill level 14 in Axes
 10391 | Lair:1   | Identified the +6 long sword of Discord {vamp, rElec rC-
                  | rN+++ Int+5 Stlth-}
 10544 | Lair:1   | Reached *** piety under Okawaru
 10763 | Lair:1   | Found the amulet of the Air {Inacc Air Fly rElec RMsl}
 10820 | Lair:1   | Noticed Erica
 10825 | Lair:1   | Killed Erica
 10825 | Lair:1   | Received a gift from Okawaru
 11137 | Lair:2   | Noticed ruwin's ghost (journeyman DESu)
 11141 | Lair:2   | Found a transporter.
 11162 | Lair:2   | Found a transporter.
 11218 | Lair:2   | Killed ruwin's ghost
 11221 | Lair:2   | Reached **** piety under Okawaru
 11494 | Lair:2   | Found a staircase to the Swamp.
 11510 | Lair:2   | Received a gift from Okawaru
 11692 | Lair:2   | Received a gift from Okawaru
 12057 | Lair:2   | Reached skill level 15 in Axes
 12091 | Lair:2   | Found a stormy altar of Qazlal.
 12476 | Lair:3   | Received a gift from Okawaru
 12734 | Lair:3   | Reached ***** piety under Okawaru
 12741 | Lair:3   | Reached XP level 13. HP: 113/116 MP: 5/15
 12763 | Lair:3   | Received a gift from Okawaru
 13214 | Lair:3   | Found a staircase to the Snake Pit.
 13551 | Lair:4   | Found a staircase to the Slime Pits.
 13552 | Lair:4   | Found a viscous altar of Jiyva.
 13803 | Lair:4   | Reached skill level 5 in Invocations
 13836 | Lair:4   | Identified a scroll of acquirement
 13837 | Lair:4   | Acquired 570 gold pieces
 14224 | Lair:4   | Received a gift from Okawaru
 14233 | Lair:4   | Noticed Kirke
 14244 | Lair:4   | HP: 5/117 [manticore[Kirke] (4)]
 14244 | Lair:4   | HP: 1/117 [water moccasin (4)]
 14245 | Lair:4   | Mangled by a lindwurm

Illustrated notes

Levels and vault maps discovered:
D:1:      dpeg_arrival_central, layout_basic, serial_shops, shop,
          hellmonk_ecumenical_altar_heavens_door
D:2:      layout_loops_ring, kennysheep_nub, uniq_natasha
D:3:      layout_rooms, corexii_leaking_fountain
D:4:      layout_cave_pools, old_standard_altar,
          hangedman_abyss_or_decor_passed, minmay_shop_grid_forest,
          grunt_decor_clamped
D:5:      layout_loops_ring, serial_shops, nicolae_shop_stone
D:6:      layout_gridville, serial_demonic, serial_demonic_g, serial_demonic_f,
          serial_demonic_c, serial_demonic_f
D:7:      layout_rooms, minmay_temple_entry_waves, nicolae_ossuary_entry_giza,
          enter_bailey_5
D:8:      layout_rooms, serial_ice, serial_ice_m, serial_ice_a, serial_ice_k,
          serial_ice_n
D:9:      layout_roguey, gammafunk_ghost_split, serial_aquarium,
          aquarium_bridge_long_joined [aquarium_subvault_window,
          aquarium_subvault_window, aquarium_subvault_bridge,
          aquarium_subvault_bridge, aquarium_subvault_bridge,
          aquarium_subvault_bridge], aquarium_window_fake, aquarium_window_fake,
          aquarium_view_2a, aquarium_view_2g, hangedman_decor_riveting,
          corexii_corridor_pit, minmay_evil_grid
D:10:     layout_irregular_city, chequers_temple_overflow_minitemple,
          hangedman_ranch
D:11:     layout_cave_pools, dpeg_oklobed_lair,
          kennysheep_orc_monster_closet_entryway,
          nicolae_dithmenos_through_a_glass_darkly
Temple:   nicolae_temple_no_exploring_needed
Lair:1:   layout_regular_city, serial_rivers, chequers_serial_rivers_small_a,
          chequers_serial_rivers_micro_c, chequers_serial_rivers_micro_a,
          chequers_serial_rivers_micro_e, infiniplex_staircase_pool_2,
          serial_bayou_shore_b, serial_bayou_shore_b, uniq_erica
Lair:2:   layout_cave_pods, skrybe_swamp_entry_bodies, gammafunk_ghost_arena,
          basic_altar
Lair:3:   layout_chaotic_city, guppyfry_snake_entry_island
Lair:4:   layout_layer_cave, slime_entry_1, grunt_megastairs_5, uniq_kirke

Skill      XL: |  1  2  3  4  5  6  7  8  9 10 11 12 13 |
---------------+----------------------------------------+-----
Axes           | 3 4 5 6 7 8 10 12 13 15 | 15.7
Fighting       | 4 5 6 7 8 9 10 11 | 11.8
Armour         | 4 5 6 8 9 10 11 | 11.8
Shields        | 4 5 6 7 8 9 10 11 | 11.9
Throwing       | 1 3 4 6 7 8 |  8.8
Invocations    | 2 4 5 |  5.1

Action                     |  1- 3 |  4- 6 |  7- 9 | 10-12 | 13-15 || total
---------------------------+-------+-------+-------+-------+-------++-------
  Melee: War axe           |    46 |   129 |   197 |   452 |    68 ||   892
         Headbutt          |     6 |    16 |    30 |    94 |    15 ||   161
         Hand axe          |       |       |       |     8 |     3 ||    11
  Throw: Dart              |       |       |     6 |       |       ||     6
         Boomerang         |       |       |     1 |     7 |    57 ||    65
 Invoke: Heroism           |       |       |       |     1 |       ||     1
    Use: Scroll            |       |       |    21 |    11 |     2 ||    34
         Potion            |       |       |     2 |     1 |       ||     3
 Armour: Scale mail        |    37 |    68 |    17 |       |       ||   122
         Chain mail        |       |       |   128 |       |       ||   128
         Plate armour      |       |       |    11 |   434 |    87 ||   532
  Dodge: Dodged            |    26 |    44 |    75 |   125 |    37 ||   307
  Block: Buckler           |    21 |    22 |    52 |     2 |       ||    97
         Kite shield       |       |       |       |   295 |    68 ||   363

Table legend: (Time is in decaauts)
 A = Elapsed time spent in this place.
 B = Non-inter-level travel time spent in this place.
 C = Inter-level travel time spent in this place.
 D = Time resting spent in this place.
 E = Time spent auto-exploring this place.
 F = Levels seen in this place.
 G = Mean time per level.
                   A        B        C        D        E       F      G
               +--------+--------+--------+--------+--------+-----+--------+
         Total |  14369 |  13668 |    701 |   1041 |   8479 |  18 |  798.3 |
       Dungeon |   9489 |   8893 |    596 |    684 |   5286 |  11 |  862.6 |
        Temple |      1 |      1 |      0 |      0 |      0 |   1 |    1.0 |
          Lair |   4066 |   3962 |    104 |      0 |   3134 |   4 | 1016.5 |
       Ossuary |    247 |    247 |      0 |     43 |      0 |   1 |  247.0 |
        Bailey |    564 |    564 |      0 |    314 |     58 |   1 |  564.0 |
               +--------+--------+--------+--------+--------+-----+--------+

Top non-repeatable levels by time:
     D:9: 1458 daAuts
  Lair:2: 1333 daAuts
     D:1: 995 daAuts
     D:2: 954 daAuts
  Lair:1: 944 daAuts
    D:10: 937 daAuts
  Lair:4: 922 daAuts
     D:7: 871 daAuts
  Lair:3: 865 daAuts
    D:11: 839 daAuts
     D:4: 833 daAuts
     D:5: 822 daAuts
     D:6: 792 daAuts
  Bailey: 564 daAuts
     D:3: 497 daAuts
